AoeStats
← bone app the teeth

MegaRandom

505345067Analyzed
2v2 RM · 24d ago on Sep 9, 2026· 40m 0s· 4 players
Game mode
Random Map
Map size
Medium (4 player)
Population
200
Speed
Normal
Resources
Standard
Victory
Conquest
Starting age
Dark Age
Ending age
Imperial Age
RankedLock teamsTeams togetherTeam positionsShared explorationLock speedFull tech treeHidden civsTurbo modeCheats
Victory
Defeat
🇦🇷 Goths · Argentina
1060
+15
🇦🇷 Vietnamese · Argentina
1059
+15
🇺🇸 Gurjaras · United States
1051
-15
🇺🇸 Portuguese · United States
1045
-15
Aluerad
0:37 Loom
12:43 Feudal Age
14:57 Double-Bit Axe
20:30 Horse Collar
22:09 Stone Mining
22:14 Gold Mining
27:17 Castle Age
28:29 Wheelbarrow
29:15 Fletching
29:37 Heavy Plow
29:51 Bow Saw
30:43 Bodkin Arrow
32:00 Murder Holes
32:28 Husbandry
32:41 Bloodlines
34:30 Scale Barding Armor
34:36 Forging
bone app the teeth
0:28 Loom
11:10 Feudal Age
12:04 Double-Bit Axe
11:59 Horse Collar
17:17 Bloodlines
17:13 Scale Barding Armor
17:46 Forging
19:27 Fletching
23:00 Castle Age
21:19 Padded Archer Armor
22:01 Scale Mail Armor
21:55 Gold Mining
21:57 Stone Mining
23:58 Husbandry
23:19 Light Cavalry
25:41 Wheelbarrow
26:57 Heavy Plow
27:08 Bow Saw
QangrY
0:39 Loom
11:09 Feudal Age
11:42 Double-Bit Axe
22:20 Castle Age
21:12 Scale Barding Armor
25:16 Gold Mining
25:47 Fletching
28:11 Bodkin Arrow
27:55 Light Cavalry
31:55 Ballistics
31:58 Chain Barding Armor
42:10 Imperial Age
ramairo
7:22 Loom
11:01 Feudal Age
13:04 Double-Bit Axe
14:00 Horse Collar
17:59 Wheelbarrow
18:07 Bloodlines
20:48 Castle Age
21:23 Bloodlines
21:22 Scale Barding Armor
21:26 Gold Mining
22:01 Husbandry
23:37 Chain Barding Armor
26:06 Forging
25:32 Pikeman
26:47 Bow Saw
31:41 Scale Mail Armor
35:46 Imperial Age
34:12 Squires
34:53 Town Watch
35:39 Chain Mail Armor
35:59 Capped Ram
Connection lost

Rejoining the realm…

Still unreachable

The connection could not be restored.

Session expired

The server has moved on; the page needs a fresh start.